 Dungeon Crawl Stone Soup version 0.26.0-18-gc5c842f807 (webtiles) character file.

Game seed: 9912395242241220558

45 thiole the Sneak (level 3, -1/21 HPs)
             Began as an Octopode Hedge Wizard on Jan 22, 2021.
             Slain by Natasha (7 damage)
             ... on level 2 of the Dungeon.
             The game lasted 00:01:35 (1696 turns).

thiole the Sneak (Octopode Hedge Wizard)            Turns: 1696, Time: 00:01:36

Health: -1/21      AC:  1    Str:  9    XL:     3   Next: 64%
Magic:  5/7        EV: 13    Int: 15    God:
Gold:   68         SH:  0    Dex: 11    Spells: 7/8 levels left

rFire    . . .     SeeInvis .   a - +0 dagger
rCold    . . .     Faith    .   (no shield)
rNeg     . . .     Spirit   .   b - +0 hat
rPois    .         Reflect  .   (no amulet)
rElec    .         Harm     .   (no ring)
rCorr    .         Rampage  .   (no ring)
Will     +....     Clarity  +   (no ring)
Stlth    +++.......             (no ring)
HPRegen  0.07/turn              (no ring)
MPRegen  0.10/turn              (no ring)
                                (no ring)
                                (no ring)

@: slowed, very slow
A: almost no armour, stealthy swim, amphibious, 8 rings, constrict 8, camouflage
1, clarity, dopey 1, strong-willed 1, gelatinous body 1
a: no special abilities


You were on level 2 of the Dungeon.
You visited 1 branch of the dungeon, and saw 2 of its levels.

You collected 68 gold pieces.

Inventory:

Hand Weapons
 a - a +0 dagger (weapon)
Armour
 b - a +0 hat (worn)
Scrolls
 c - 2 scrolls of enchant armour {unknown}
 d - a scroll of identify
 e - a scroll of immolation {unknown}
 h - 3 scrolls of remove curse {unknown}
Potions
 f - a potion of curing
 i - a potion of attraction {unknown}


   Skills:
 + Level 2.3 Dodging
 + Level 3.2 Stealth
 + Level 3.1 Spellcasting
 - Level 2.0 Conjurations
 - Level 2.0 Summonings
 - Level 1.0 Translocations


You had 7 spell levels left.
You knew the following spells:

 Your Spells              Type           Power        Failure   Level
a - Magic Dart            Conj           32%          9%          1

Your spell library contained the following spells:

 Spells                   Type           Power        Failure   Level
 Call Imp                 Summ           8%           13%         2
 Blink                    Tloc           N/A          21%         2
 Slow                     Hex            2%           30%         2
 Conjure Flame            Conj/Fire      5%           36%         3
 Mephitic Cloud           Conj/Pois/Air  4%           41%         3


Dungeon Overview and Level Annotations

Branches:
Dungeon (2/15)

Altars:

Annotations:
D:2 Natasha


Innate Abilities, Weirdness & Mutations

You cannot wear most types of armour.
You are very stealthy in the water. (Stealth+)
You are amphibious.
You can wear up to eight rings at the same time.
You can use your tentacles to constrict eight enemies at once.
Your skin changes colour to match your surroundings (Stealth+).
Your rubbery body absorbs attacks. (AC +1, EV +1)
You possess an exceptional clarity of mind.
You are dopey. (Int -2)
You are strong-willed. (Will+)


Message History

You feel yourself slow down. Natasha claws you.
Natasha howls an incantation.
Natasha shimmers violently.
Natasha claws you!
You hit Natasha but do no damage. You grab Natasha. You constrict Natasha.
Natasha barely misses you.
You hit Natasha.
Natasha is lightly wounded.
You constrict Natasha. Natasha closely misses you.
Natasha casts a spell.
You hit Natasha but do no damage.
Natasha is moderately wounded.
You constrict Natasha. Natasha claws you!
* * * LOW HITPOINT WARNING * * *
The iron imp barely misses you.
You hit Natasha.
Natasha is heavily wounded.
You constrict Natasha. Natasha claws you!
You die...

##.....# ..
#....... ...
#.....## ##'#####
#..>..#. ... ..#
##...#.# #.# #.#
##.#.##
##.###.######.###
##h............#
#5@...#.########
### ##...##.#
.....###.###.#
#..†......#
#.....#####
#######


You could see an iron imp (summoned) and Natasha.

Vanquished Creatures
  Natasha (D:2)
  A dart slug (D:1)
  2 giant cockroaches
  A goblin (D:1)
  A hobgoblin (D:1)
  2 jackals (D:1)
  3 kobolds (D:1)
  4 bats (D:1)
  3 frilled lizards (D:1)
  2 rats (D:1)
20 creatures vanquished.

Notes
Turn   | Place    | Note
-------+----------+-------------------------------------------
     0 | D:1      | thiole the Octopode Hedge Wizard began the quest for the
                  | Orb.
     0 | D:1      | Reached XP level 1. HP: 11/11 MP: 4/4
   481 | D:1      | Reached XP level 2. HP: 17/17 MP: 4/6
  1299 | D:2      | Gained mutation: You are dopey. (Int -2) [potion of
                  | mutation]
  1299 | D:2      | Gained mutation: You are strong-willed. (Will+) [potion of
                  | mutation]
  1299 | D:2      | Gained mutation: You possess an exceptional clarity of
                  | mind. [potion of mutation]
  1300 | D:2      | Noticed Natasha
  1309 | D:2      | Killed Natasha
  1310 | D:2      | Reached XP level 3. HP: 1/21 MP: 7/7
  1688 | D:2      | Noticed Natasha
  1696 | D:2      | Slain by Natasha

Illustrated notes

Levels and vault maps discovered:
D:1:      dpeg_arrival_oval, layout_basic
D:2:      layout_loops_corners, minmay_misc_feat_five, minmay_misc_feat_rugged,
          uniq_natasha

Skill      XL: |  1  2  3 |
---------------+----------+-----
Stealth        | 3 |  3.2
Summonings     | 2 |  2.0
Conjurations   | 2 |  2.0
Dodging        | |  2.3
Spellcasting   | |  3.1
Translocations | |  1.0

Action                   || total
-------------------------++-------
Melee: Dagger            ||    32
       Constrict         ||     8
       Tentacles         ||     3
 Cast: Magic Dart        ||    39
  Use: Scroll            ||     2
       Potion            ||     1
Armor: Skin              ||     4
Dodge: Dodged            ||    20
